 Dungeon Crawl Stone Soup version 0.26-a0-67-g850bfe61e3 (webtiles) character file.

Game seed: 16071807478937404292

0 Gargoyl the Skirmisher (level 1, -2/19 HPs)
             Began as a Centaur Abyssal Knight on June 12, 2020.
             Was a Follower of Lugonu.
             Killed from afar by a raiju (11 damage)
             ... with a living lightning
             ... on level 1 of the Abyss.
             The game lasted 00:00:52 (409 turns).

Gargoyl the Skirmisher (Centaur Abyssal Knight)      Turns: 409, Time: 00:00:53

Health: -2/19      AC:  5    Str: 14    XL:     1   Next: 0%
Magic:  2/2        EV:  8    Int: 11    God:    Lugonu [*.....]
Gold:   0          SH:  0    Dex:  8    Spells: 0/0 levels left

rFire    . . .     SeeInvis .   a - +1 hand axe
rCold    . . .     Gourm    .   (no shield)
rNeg     . . .     Faith    .   d - +0 ring mail
rPois    .         Spirit   .   (no helmet)
rElec    .         Reflect  .   (no cloak)
rCorr    .         Harm     .   (no gloves)
MR       .....                  (no barding)
Stlth    ..........             (no amulet)
HPRegen  0.06/turn              (no ring)
MPRegen  0.08/turn              (no ring)

@: brilliant, very quick
A: large, hooves 3, deformed body, speed 2, tough skin 3
a: Depart the Abyss, Renounce Religion


You were on level 1 of the Abyss.
You worshipped Lugonu.
Lugonu was aware of your devotion.
You were not hungry.

You visited 0 branches of the dungeon, and saw 0 of its levels.
You visited the Abyss 1 time.

Inventory:

Hand Weapons
 a - a +1 hand axe (weapon)
Armour
 b - a +0 leather armour
 d - a +0 ring mail (worn)
Comestibles
 c - a ration


   Skills:
 + Level 3.0 Fighting
 + Level 1.7 Axes
 + Level 1.3 Armour
 + Level 0.6 Dodging
 + Level 2.0 Invocations


You couldn't memorise any spells.
You didn't know any spells.
Your spell library was empty.

Dungeon Overview and Level Annotations

Branches:
Dungeon (0/15)

Altars:


Innate Abilities, Weirdness & Mutations

You have hooves in place of feet.
Armour fits poorly on your strangely shaped body.
You cover ground very quickly.
You have extremely tough skin. (AC +3)


Message History

It was a scroll of fear.
A tentacled starspawn comes into view.
A tentacled starspawn is nearby!
A raiju comes into view.
The raiju stops to sniff the ground.
The raiju bursts into living lightning!
The living lightning hits you!
Ouch! That really hurt!
The raiju blinks! x2
Found an inky potion.
Tentacles burst from the starspawn's body! 2 starspawn tentacles come into view.
You see here an inky potion.
e - an inky potion It was a potion of brilliance.
You feel clever all of a sudden.
The raiju bursts into living lightning!
The living lightning hits you!
Ouch! That really hurt!
You die...

# ..
#..............# #
..###.#####......##
##
#.##..........#..#
#.#
#.#..........#.#
..# # #.##.#..#.h#
# ## # ##
.##.#####.# #..
....#..#.....# .
.#..
..###....#..#..#
##. . ### .###
#@##.### #.. ###.
##..#.. #. .#...
..# #.ยง..# #. ##
...## .##.# #.#..#
. ... .# .#. ## .#
#. # .# # .#. # X..


You could see a raiju.

Vanquished Creatures (others)
  6 starspawn tentacles (Abyss:1)
6 creatures vanquished.

Notes
Turn   | Place    | Note
-------+----------+-------------------------------------------
     0 | Abyss:1  | Gargoyl the Centaur Abyssal Knight began the quest for the
                  | Orb.
     0 | Abyss:1  | Reached XP level 1. HP: 19/19 MP: 2/2
    49 | Abyss:1  | Noticed a quasit
    57 | Abyss:1  | Noticed a small abomination
    60 | Abyss:1  | Noticed a small abomination
    63 | Abyss:1  | Noticed a tentacled starspawn
    77 | Abyss:1  | Noticed a small abomination
    94 | Abyss:1  | Noticed an orange demon
   120 | Abyss:1  | Noticed a bone dragon
   378 | Abyss:1  | Noticed a tentacled starspawn
   391 | Abyss:1  | Noticed a raiju
   409 | Abyss:1  | Killed from afar by a raiju

Illustrated notes

Levels and vault maps discovered:
Abyss:1:  guppyfry_abyss_exit_glass_guarded, guppyfry_abyss_exit_glass_guarded,
          hangedman_decor_lopped

Action                   || total
-------------------------++-------
  Use: Scroll            ||     2
       Potion            ||     1
Armor: Ring mail         ||     2

Table legend:
 A = Non-vault XP
 B = Vault XP
 C = Vault XP percentage of total XP
 D = Non-vault monster count
 E = Vault monster count
 F = Vault count percentage of total count
                 A         B        C        D         E       F
            +---------+---------+-------+---------+---------+-------
      Total |       0 |       0 |   N/A |       0 |       0 |  -nan
            +---------+---------+-------+---------+---------+-------
            +---------+---------+-------+---------+---------+-------
